cohdb
Replays
Latest Replays
All Replays
Popular Replays
Top Player Replays
Match Explorer
How It Works
Community
CoH3 Stats
Reddit
Sign in to upload your games and track your stats! →
Sign in with Steam
Match 40353983
Unlisted
Match 40353983
Overview
Messages
Build Orders
End
Panzergrenadier Squad
Selects Panzerjäger Kommand Battlegroup
Selects Blockade Equipment
Panzergrenadier Squad
Panzergrenadier Squad
Construct Light Support Kompanie
2.5-tonne Medical Truck
Fire Support Elements
Panzerjäger Mechanized Group
Selects GrB 39 Grenade Launcher Requisition
Combat Half-tracks
Flakvierling Half-track
Veteran Squad Leaders
Selects Defensive Positions
Construct Mechanized Kompanie
Marder III Tank Destroyer
Assault Mechanized Group
StuG III D Assault Gun
Selects Butterfly Bomb Drop
Butterfly Bomb Drop
Marder III Tank Destroyer
Butterfly Bomb Drop
Instructor
CPU - VERY EASY
FartNoise
Prince Ali Ababwa
AllixX
☩Maxwell☩
0
0
Comments
sign in to comment!
No comments posted yet!